| TOP OF THE 1ST |
|
Columbus Reds batting - Pitching for Winnipeg Goldeyes : LHP Jon Lizarraga
|
|
Pitching: LHP Jon Lizarraga
|
|
|
Batting: RHB Ben Burkholder
|
0-0: SINGLE (Line Drive, 4MD, EV 97.5 MPH)
|
|
Batting: LHB Jamie Spangenberg
|
0-0: Called Strike 0-1: Fielders Choice at 2nd, 4-6 (Groundball, 34, EV 88.8 MPH)
|
|
Batting: RHB Aaron Barraza
|
0-0: Foul Ball, location: 2F 0-1: Called Strike Jamie Spangenberg is caught stealing 2nd base 2-4 0-2: Strikes out looking
|
| Top of the 1st over - 0 runs, 1 hit, 0 errors, 0 left on base; Columbus 0 - Winnipeg 0 |
| BOTTOM OF THE 1ST |
|
Winnipeg Goldeyes batting - Pitching for Columbus Reds : RHP Brian Trejo
|
|
Pitching: RHP Brian Trejo
|
|
|
Batting: RHB Alexandre Garcia
|
0-0: Ball 1-0: Ball 2-0: Called Strike 2-1: Ground out 5-3 (Groundball, 56, EV 83.1 MPH)
|
|
Batting: SHB Rodrigo Mendoza
|
0-0: Called Strike 0-1: Swinging Strike 0-2: Ball 1-2: Fly out, F7 (Flyball, 7D, EV 103.8 MPH)
|
|
Batting: RHB Tim Carter
|
0-0: Foul Ball, location: 2F 0-1: Foul Ball, location: 2F 0-2: Ball 1-2: Foul Ball, location: 2F 1-2: Foul Ball, location: 2F 1-2: Foul Ball, location: 2F 1-2: Foul Ball, location: 2F 1-2: Ball 2-2: Reached on error, E5 (Groundball, 15, EV 83.8 MPH)
|
|
Batting: RHB Josh Harmon
|
0-0: Called Strike 0-1: Ball 1-1: Fly out, F8 (Flyball, 8LD, EV 78.8 MPH)
|
| Bottom of the 1st over - 0 runs, 0 hits, 1 error, 1 left on base; Columbus 0 - Winnipeg 0 |
| TOP OF THE 2ND |
|
Columbus Reds batting - Pitching for Winnipeg Goldeyes : LHP Jon Lizarraga
|
|
Batting: RHB Ed Santibanez
|
0-0: DOUBLE (Line Drive, 78D, EV 111.9 MPH)
|
|
Batting: RHB Alex Villagomez
|
0-0: SINGLE (Groundball, 6S, EV 75.0 MPH) (infield hit) Ed Santibanez to third
|
|
Batting: LHB Tim Kirk
|
0-0: Ball 1-0: Swinging Strike 1-1: Called Strike 1-2: Strikes out looking
|
|
Batting: RHB Ernie Maldonado
|
0-0: Ball 1-0: Ball 2-0: Ball 3-0: Called Strike 3-1: Swinging Strike 3-2: Foul Ball, location: 2F 3-2: Base on Balls Alex Villagomez to second
|
|
Batting: SHB Cesar Pelayo
|
0-0: Foul Ball, location: 2F 0-1: Called Strike 0-2: Ball 1-2: Foul Ball, location: 2F 1-2: Ball 2-2: Foul Ball, location: 2F 2-2: Foul Ball, location: 2F 2-2: Grounds into double play, 6-4-3 (Groundball, 6, EV 80.6 MPH)
|
| Top of the 2nd over - 0 runs, 2 hits, 0 errors, 2 left on base; Columbus 0 - Winnipeg 0 |
| BOTTOM OF THE 2ND |
|
Winnipeg Goldeyes batting - Pitching for Columbus Reds : RHP Brian Trejo
|
|
Batting: LHB Jon Ventura
|
0-0: Ball 1-0: Called Strike 1-1: Ball 2-1: Ball 3-1: Foul Ball, location: 2F 3-2: Strikes out swinging
|
|
Batting: LHB Jose Hilario
|
0-0: Foul Ball, location: 2F 0-1: Foul Ball, location: 2F 0-2: Ball 1-2: Fly out, F7 (Flyball, 8LS, EV 84.4 MPH)
|
|
Batting: RHB Terry Oetker
|
0-0: Ball 1-0: Called Strike 1-1: Called Strike 1-2: Fly out, F6 (Popup, 6, EV 56.9 MPH)
|
| Bottom of the 2nd over - 0 runs, 0 hits, 0 errors, 0 left on base; Columbus 0 - Winnipeg 0 |
| TOP OF THE 3RD |
|
Columbus Reds batting - Pitching for Winnipeg Goldeyes : LHP Jon Lizarraga
|
|
Batting: LHB Mike Becerra
|
0-0: Swinging Strike 0-1: Called Strike 0-2: Strikes out swinging
|
|
Batting: RHB Ben Burkholder
|
0-0: Ball 1-0: Foul Ball, location: 2F 1-1: TRIPLE (Line Drive, 8RXD, EV 107.5 MPH)
|
|
Batting: LHB Jamie Spangenberg
|
0-0: Called Strike 0-1: Ball 1-1: Foul Ball, location: 2F 1-2: Ball 2-2: Fly out, F8 (Flyball, 8RXD, EV 88.8 MPH) Runner from 3rd tags up, SCORES, no throw by CF
|
|
Batting: RHB Aaron Barraza
|
0-0: Called Strike 0-1: Called Strike 0-2: Fly out, F7 (Flyball, 7D, EV 101.2 MPH)
|
| Top of the 3rd over - 1 run, 1 hit, 0 errors, 0 left on base; Columbus 1 - Winnipeg 0 |
| BOTTOM OF THE 3RD |
|
Winnipeg Goldeyes batting - Pitching for Columbus Reds : RHP Brian Trejo
|
|
Batting: RHB Nestor Moreno
|
0-0: Ball 1-0: Ball 2-0: Called Strike 2-1: Bunted foul 2-2: Strikes out swinging
|
|
Batting: RHB Ratko Macura
|
0-0: Ball 1-0: Ball 2-0: Called Strike 2-1: Called Strike 2-2: Fly out, F9 (Line Drive, 9S, EV 107.5 MPH)
|
|
Batting: RHB Alexandre Garcia
|
0-0: Ball 1-0: Ground out U3 (Groundball, 3, EV 103.8 MPH)
|
| Bottom of the 3rd over - 0 runs, 0 hits, 0 errors, 0 left on base; Columbus 1 - Winnipeg 0 |
| TOP OF THE 4TH |
|
Columbus Reds batting - Pitching for Winnipeg Goldeyes : LHP Jon Lizarraga
|
|
Batting: RHB Ed Santibanez
|
0-0: Ground out 6-3 (Groundball, 6, EV 81.9 MPH)
|
|
Batting: RHB Alex Villagomez
|
0-0: Foul Ball, location: 2F 0-1: Ball 1-1: Swinging Strike 1-2: Ball 2-2: Ball 3-2: Base on Balls
|
|
Batting: LHB Tim Kirk
|
0-0: Swinging Strike 0-1: Ball 1-1: Swinging Strike 1-2: Ball 2-2: Strikes out swinging
|
|
Batting: RHB Ernie Maldonado
|
0-0: Called Strike 0-1: Ball 1-1: Swinging Strike 1-2: Strikes out swinging
|
| Top of the 4th over - 0 runs, 0 hits, 0 errors, 1 left on base; Columbus 1 - Winnipeg 0 |
| BOTTOM OF THE 4TH |
|
Winnipeg Goldeyes batting - Pitching for Columbus Reds : RHP Brian Trejo
|
|
Batting: SHB Rodrigo Mendoza
|
0-0: Fly out, F7 (Line Drive, 7, EV 85.6 MPH)
|
|
Batting: RHB Tim Carter
|
0-0: TRIPLE (Line Drive, 78XD, EV 111.2 MPH)
|
|
Batting: RHB Josh Harmon
|
0-0: Ball 1-0: SINGLE (Groundball, 6, EV 98.8 MPH) Tim Carter scores
|
|
Batting: LHB Jon Ventura
|
0-0: Ball 1-0: Ball 2-0: Called Strike 2-1: Fly out, F9 (Flyball, 9S, EV 81.9 MPH)
|
|
Batting: LHB Jose Hilario
|
0-0: Ball 1-0: Ball 2-0: Ball Wild Pitch! Josh Harmon to second 3-0: Called Strike 3-1: Swinging Strike 3-2: Base on Balls
|
|
Batting: RHB Terry Oetker
|
0-0: Called Strike 0-1: Fly out, F3 (Popup, 3, EV 78.1 MPH)
|
| Bottom of the 4th over - 1 run, 2 hits, 0 errors, 2 left on base; Columbus 1 - Winnipeg 1 |
| TOP OF THE 5TH |
|
Columbus Reds batting - Pitching for Winnipeg Goldeyes : LHP Jon Lizarraga
|
|
Batting: SHB Cesar Pelayo
|
0-0: Foul Ball, location: 2F 0-1: Ball 1-1: Ball 2-1: SINGLE (Groundball, 56D, EV 102.5 MPH)
|
|
Batting: LHB Mike Becerra
|
0-0: Called Strike 0-1: Swinging Strike 0-2: Ball 1-2: Strikes out swinging
|
|
Batting: RHB Ben Burkholder
|
0-0: Ball 1-0: Swinging Strike 1-1: Ball 2-1: Ball 3-1: Foul Ball, location: 2F 3-2: Foul Ball, location: 2F 3-2: Base on Balls Cesar Pelayo to second
|
|
Batting: LHB Jamie Spangenberg
|
0-0: Ball 1-0: Ball 2-0: Ball 3-0: Called Strike 3-1: Fielders Choice at 2nd, 3-6 (Groundball, 34, EV 103.8 MPH) Cesar Pelayo to third
|
|
Batting: RHB Aaron Barraza
|
0-0: Ball 1-0: Fielders Choice at 2nd, 6-4 (Groundball, 6, EV 81.2 MPH)
|
| Top of the 5th over - 0 runs, 1 hit, 0 errors, 2 left on base; Columbus 1 - Winnipeg 1 |
| BOTTOM OF THE 5TH |
|
Winnipeg Goldeyes batting - Pitching for Columbus Reds : RHP Brian Trejo
|
|
Batting: RHB Nestor Moreno
|
0-0: Called Strike 0-1: Foul Ball, location: 2F 0-2: Strikes out looking
|
|
Batting: RHB Ratko Macura
|
0-0: Called Strike 0-1: Ball 1-1: Called Strike 1-2: Ball 2-2: Strikes out swinging
|
|
Batting: RHB Alexandre Garcia
|
0-0: Ball 1-0: Ball 2-0: Called Strike 2-1: Swinging Strike 2-2: Ball 3-2: Base on Balls
|
|
Batting: SHB Rodrigo Mendoza
|
0-0: Called Strike 0-1: Fly out, F5 (Popup, 5F, EV 81.9 MPH)
|
| Bottom of the 5th over - 0 runs, 0 hits, 0 errors, 1 left on base; Columbus 1 - Winnipeg 1 |
| TOP OF THE 6TH |
|
Columbus Reds batting - Pitching for Winnipeg Goldeyes : LHP Jon Lizarraga
|
|
Batting: RHB Ed Santibanez
|
0-0: Ball 1-0: Ball 2-0: Ball 3-0: Base on Balls
|
|
Batting: RHB Alex Villagomez
|
0-0: Ball Wild Pitch! Ed Santibanez to second 1-0: Swinging Strike 1-1: Ball 2-1: DOUBLE (Line Drive, 9LS, EV 93.8 MPH) Ed Santibanez scores
|
|
Batting: LHB Tim Kirk
|
0-0: Ground out 5-3 (Groundball, 56, EV 98.8 MPH)
|
|
Batting: RHB Ernie Maldonado
|
0-0: Ball 1-0: Foul Ball, location: 2F 1-1: Swinging Strike 1-2: Strikes out swinging
|
|
Batting: SHB Cesar Pelayo
|
0-0: Called Strike 0-1: Ball 1-1: Ball 2-1: Ball 3-1: Base on Balls
|
|
Batting: LHB Mike Becerra
|
0-0: Fly out, F9 (Flyball, 9LM, EV 92.5 MPH)
|
| Top of the 6th over - 1 run, 1 hit, 0 errors, 2 left on base; Columbus 2 - Winnipeg 1 |
| BOTTOM OF THE 6TH |
|
Winnipeg Goldeyes batting - Pitching for Columbus Reds : RHP Brian Trejo
|
|
Pitching: RHP Jay Harrison
|
|
|
Batting: RHB Tim Carter
|
0-0: Reached on error, E4 (Groundball, 13, EV 92.5 MPH)
|
|
Batting: RHB Josh Harmon
|
0-0: Fly out, F6 (Popup, 56, EV 71.2 MPH)
|
|
Batting: LHB Jon Ventura
|
0-0: Ball 1-0: Ball Tim Carter steals 2nd base 2-0: Called Strike 2-1: Ball 3-1: Foul Ball, location: 2F 3-2: Strikes out swinging
|
|
Batting: LHB Jose Hilario
|
0-0: Foul Ball, location: 2F 0-1: SINGLE (Groundball, 4MD, EV 101.2 MPH) Tim Carter to third Runner from 3rd tries for Home, SAFE, throw by CF to home
|
|
Pinch Hitting: LHB Shaun Price
|
0-0: Called Strike 0-1: Ball 1-1: Ball 2-1: Ball 3-1: Foul Ball, location: 2F 3-2: Foul Ball, location: 2F 3-2: Strikes out swinging
|
| Bottom of the 6th over - 1 run, 1 hit, 1 error, 1 left on base; Columbus 2 - Winnipeg 2 |
| TOP OF THE 7TH |
|
Columbus Reds batting - Pitching for Winnipeg Goldeyes : LHP Jon Lizarraga
|
|
Now at 1B: Shaun Price
|
|
|
Batting: RHB Ben Burkholder
|
0-0: Called Strike 0-1: Called Strike 0-2: Strikes out swinging
|
|
Batting: LHB Jamie Spangenberg
|
0-0: Ball 1-0: Swinging Strike 1-1: Called Strike 1-2: Ball 2-2: Foul Ball, location: 2F 2-2: Foul Ball, location: 2F 2-2: Foul Ball, location: 2F 2-2: Foul Ball, location: 2F 2-2: Foul Ball, location: 2F 2-2: Ground out 4-3 (Groundball, 4S, EV 83.8 MPH)
|
|
Batting: RHB Aaron Barraza
|
0-0: Called Strike 0-1: Fly out, F8 (Flyball, 8LD, EV 91.2 MPH)
|
| Top of the 7th over - 0 runs, 0 hits, 0 errors, 0 left on base; Columbus 2 - Winnipeg 2 |
| BOTTOM OF THE 7TH |
|
Winnipeg Goldeyes batting - Pitching for Columbus Reds : RHP Jay Harrison
|
|
Pinch Hitting: LHB Bill Lorimer
|
0-0: Ball 1-0: Ball 2-0: Ball 3-0: Called Strike 3-1: Base on Balls
|
|
Batting: RHB Ratko Macura
|
0-0: Ball 1-0: SINGLE (Line Drive, 4MD, EV 95.6 MPH) Bill Lorimer to second
|
|
Batting: RHB Alexandre Garcia
|
0-0: Foul Ball, location: 2F 0-1: Ball 1-1: Ball 2-1: Ball 3-1: Base on Balls Bill Lorimer to third Ratko Macura to second
|
|
Pinch Hitting: LHB George Roben
|
0-0: Ball 1-0: Ball 2-0: Ball 3-0: Called Strike 3-1: Base on Balls Bill Lorimer scores Ratko Macura to third Alexandre Garcia to second
|
|
Batting: RHB Tim Carter
|
0-0: Called Strike 0-1: Swinging Strike 0-2: Ball 1-2: SINGLE (Groundball, 34, EV 100.6 MPH) Ratko Macura scores Alexandre Garcia to third George Roben to second
|
|
Batting: RHB Josh Harmon
|
0-0: Swinging Strike 0-1: Foul Ball, location: 2F 0-2: Strikes out looking
|
|
Batting: LHB Jon Ventura
|
0-0: Ball 1-0: Ball 2-0: Ball 3-0: Base on Balls Alexandre Garcia scores George Roben to third Tim Carter to second
|
|
Batting: LHB Jose Hilario
|
0-0: Hit by Pitch George Roben scores Tim Carter to third Jon Ventura to second
|
|
Batting: LHB Shaun Price
|
0-0: Called Strike 0-1: Ball 1-1: Ball 2-1: Foul Ball, location: 2F 2-2: Fly out, F8 (Line Drive, 8RD, EV 91.2 MPH) Runner from 3rd tags up, SCORES, no throw by CF
|
|
Batting: LHB Bill Lorimer
|
0-0: Ball 1-0: Ball 2-0: SINGLE (Flyball, 8LS, EV 87.5 MPH) Jon Ventura to third Jose Hilario to second
|
|
Batting: RHB Ratko Macura
|
0-0: Ball 1-0: Ball 2-0: Called Strike 2-1: Ball 3-1: Base on Balls Jon Ventura scores Jose Hilario to third Bill Lorimer to second
|
|
Batting: RHB Alexandre Garcia
|
0-0: Ball 1-0: Swinging Strike 1-1: Foul Ball, location: 2F 1-2: Ball 2-2: Fielders Choice at 2nd, 5-4 (Groundball, 56, EV 83.8 MPH)
|
| Bottom of the 7th over - 6 runs, 3 hits, 0 errors, 3 left on base; Columbus 2 - Winnipeg 8 |
| TOP OF THE 8TH |
|
Columbus Reds batting - Pitching for Winnipeg Goldeyes : LHP Jon Lizarraga
|
|
Pitching: RHP Larry Muttart
|
|
|
Now at 3B: Ed Mosqueda
|
|
|
Now in CF: Chris Bejarano
|
|
|
Batting: RHB Ed Santibanez
|
0-0: Fly out, F8 (Line Drive, 8RD, EV 92.5 MPH)
|
|
Batting: RHB Alex Villagomez
|
0-0: Called Strike 0-1: Ball 1-1: Fly out, F9 (Line Drive, 9LM, EV 100.0 MPH)
|
|
Batting: LHB Tim Kirk
|
0-0: Called Strike 0-1: Ball 1-1: Fly out, F8 (Flyball, 8LD, EV 105.0 MPH)
|
| Top of the 8th over - 0 runs, 0 hits, 0 errors, 0 left on base; Columbus 2 - Winnipeg 8 |
| BOTTOM OF THE 8TH |
|
Winnipeg Goldeyes batting - Pitching for Columbus Reds : RHP Jay Harrison
|
|
Pitching: RHP Ch'ang-chieh Hsia
|
|
|
Batting: RHB Chris Bejarano
|
0-0: Ball 1-0: Called Strike 1-1: Ball 2-1: SOLO HOME RUN (Flyball, 7LD, EV 93.8 MPH), Distance : 355 ft
|
|
Batting: RHB Tim Carter
|
0-0: Foul Ball, location: 2F 0-1: SINGLE (Groundball, 6D, EV 96.2 MPH)
|
|
Batting: RHB Josh Harmon
|
0-0: Called Strike 0-1: Foul Ball, location: 2F 0-2: Ball 1-2: Grounds into double play, 6-4-3 (Groundball, 6, EV 108.1 MPH)
|
|
Batting: LHB Jon Ventura
|
0-0: Foul Ball, location: 2F 0-1: Ball 1-1: Ball 2-1: Called Strike 2-2: Strikes out looking
|
| Bottom of the 8th over - 1 run, 2 hits, 0 errors, 0 left on base; Columbus 2 - Winnipeg 9 |
| TOP OF THE 9TH |
|
Columbus Reds batting - Pitching for Winnipeg Goldeyes : RHP Larry Muttart
|
|
Pinch Hitting: RHB Alex de Leon
|
0-0: Called Strike 0-1: SINGLE (Groundball, 4M, EV 101.2 MPH) (infield hit)
|
|
Batting: SHB Cesar Pelayo
|
0-0: Ball 1-0: Ball 2-0: Ball 3-0: Called Strike 3-1: Fly out, F9 (Line Drive, 9, EV 88.1 MPH)
|
|
Pinch Hitting: LHB Jose Cruz
|
0-0: Called Strike 0-1: Foul Ball, location: 2F 0-2: Foul Ball, location: 2F 0-2: Strikes out swinging
|
|
Batting: RHB Ben Burkholder
|
0-0: Called Strike 0-1: Called Strike 0-2: Ball 1-2: Ground out 3-1 (Groundball, 34, EV 90.0 MPH)
|
| Top of the 9th over - 0 runs, 1 hit, 0 errors, 1 left on base; Columbus 2 - Winnipeg 9 |
|